 Dungeon Crawl Stone Soup version 0.31-a0-1300-gb6740aa4e6 (webtiles) character file.

Game seed: 10768772066760078415

56 IdlyInterested the Trooper (level 3, -3/30 HPs)
             Began as a Demonspawn Fighter on Dec 18, 2023.
             Killed by nerve-wracking pain
             ... invoked by an orc priest
              (12 damage)
             ... on level 3 of the Dungeon.
             The game lasted 00:04:10 (1228 turns).

IdlyInterested the Trooper (Demonspawn Fighter)     Turns: 1228, Time: 00:04:11

Health: -3/30      AC:  6    Str: 16    XL:     3   Next: 69%
Magic:  0/3        EV:  9    Int:  8    God:
Gold:   129        SH:  5    Dex: 14    Spells: 2/2 levels left

rFire   + . .        a - +0 rapier
rCold   . . .        c - +0 buckler
rNeg    . . .        b - +0 scale mail
rPois   .            (no helmet)
rElec   .            (no cloak)
rCorr   +            (no gloves)
SInv    .            (no boots)
Will    .....        g - amulet of guardian spirit Stlth
                     l - ring of resist corrosion
HPRegen 0.25/turn    s - ring of protection from fire
MPRegen 0.08/turn

%: guardian spirit
@: no status effects
A: hooves 1, foul stench 1
a: no special abilities


You were on level 3 of the Dungeon.
You visited 1 branch of the dungeon, and saw 3 of its levels.

You collected 129 gold pieces.

Inventory:

Hand Weapons
 a - a +0 rapier (weapon)
 h - a +0 spear
 t - a +0 flail
 y - a +0 mace
Missiles
 u - 10 stones (quivered)
Armour
 b - a +0 scale mail (worn)
 c - a +0 buckler (worn)
Magical Staves
 j - a staff of earth
Jewellery
 g - an amulet of guardian spirit (around neck)
 l - a ring of resist corrosion (left hand)
 s - a ring of protection from fire (right hand)
 w - a ring of flight
Talismans
 v - a beast talisman
Scrolls
 e - a scroll of amnesia
 f - a scroll of fear
 i - 2 scrolls of revelation
 m - a scroll of butterflies
 n - a scroll of fog {unknown}
 r - a scroll of immolation {unknown}
 x - a scroll of enchant weapon {unknown}
Potions
 d - a potion of might
 k - a potion of berserk rage {unknown}
 o - a potion of curing {unknown}
 p - a potion of brilliance {unknown}
 q - a potion of degeneration {unknown}


   Skills:
 - Level 4.0 Fighting
 - Level 1.7 Short Blades
 - Level 3.0 Armour
 + Level 0.5 Dodging
 * Level 3.1 Shields


You had 2 spell levels left.
You didn't know any spells.
Your spell library contained the following spells:

 Spells                   Type           Power      Damage    Failure   Level
 Ozocubu's Armour         Ice            0%         N/A       99%         3
 Metabolic Englaciation   Hex/Ice        0%         N/A       100%        5
 Simulacrum               Ice/Necr       0%         N/A       100%        6


Dungeon Overview and Level Annotations

Branches:
Dungeon (3/15)

Altars:


Innate Abilities, Weirdness & Mutations

You have large cloven feet.
You may rarely emit foul miasma when damaged in melee.


Message History

You kill the orc!
You see here a +0 mace.
y - a +0 mace A quokka comes into view.
An orc priest comes into view. It is wielding a +0 morningstar.
There is an open gate here.
An endoplasm comes into view.
You block the quokka's attack.
You closely miss the quokka. You block the quokka's attack.
You hit the quokka. Your kick misses the quokka.
The quokka is almost dead.
The quokka barely misses you. You block the quokka's attack.
You miss the quokka. Your kick misses the quokka.
The quokka is almost dead.
The quokka bites you but does no damage.
The orc priest invokes the aid of Beogh against you.
Beogh smites you!
You puncture the quokka!
You kill the quokka!
You hit the orc priest.
The orc priest is lightly wounded.
The orc priest barely misses you.
You barely miss the orc priest. Your kick misses the orc priest.
The orc priest is lightly wounded.
The orc priest hits you with a +0 morningstar.
You hit the orc priest.
The orc priest is moderately wounded.
You block the orc priest's attack.
You hit the orc priest.
The orc priest is severely wounded.
The orc priest closely misses you.
The orc priest hits you with a +0 morningstar!
* * * LOW HITPOINT WARNING * * *
You closely miss the orc priest.
The orc shouts!
Your kick misses the orc priest.
The orc priest is severely wounded.
The orc priest invokes the aid of Beogh against you.
Pain shoots through your body!
You die...

#..♣..
..♣.♣
###o♣...♣
#.'..♣.♣
#.'...♣
#.'..♣
#.#.♣..o♣
#o#..♣
♣.♣
#@##..♣
#..##.J♣
##.###..♣
#..# #..♣
##.# #..
#.#####
#.....#
#####.#
#.#


You could see an orc priest and an orc.

Vanquished Creatures
  2 adders
  A worm (D:2)
  A dart slug (D:1)
  An orc (D:3)
  9 bats
  2 endoplasms
  A goblin (D:2)
  4 hobgoblins
  A kobold (D:1)
  3 quokkas
  4 ball pythons
  A frilled lizard (D:2)
  A rat (D:1)
31 creatures vanquished.

Notes
Turn   | Place    | Note
-------+----------+-------------------------------------------
     0 | D:1      | IdlyInterested the Demonspawn Fighter began the quest for
                  | the Orb.
     0 | D:1      | Reached XP level 1. HP: 18/18 MP: 1/1
   241 | D:1      | Found a faded altar of an unknown god.
   304 | D:1      | Gained mutation: You have large cloven feet. [demonic
                  | ancestry]
   304 | D:1      | Reached XP level 2. HP: 24/24 MP: 2/2
   805 | D:2      | Gained mutation: You may rarely emit foul miasma when
                  | damaged in melee. [demonic ancestry]
   805 | D:2      | Reached XP level 3. HP: 29/30 MP: 3/3
   927 | D:2      | Reached skill level 4 in Fighting
  1228 | D:3      | Killed from afar by an orc priest

Illustrated notes

Levels and vault maps discovered:
D:1:      minmay_arrival_loop, layout_basic,
          ebering_ecumenical_altar_sacrificial
D:2:      layout_rooms
D:3:      layout_rooms, pdpol_temple_overflow_zin_treasury_gozag_greed,
          kiku_gazebo_pond_becter, serial_shops, shop, kennysheep_cluttered_room

Skill      XL: |  1  2  3 |
---------------+----------+-----
Armour         | 3 |  3.0
Fighting       | 4 |  4.0
Shields        | 3 |  3.1
Short Blades   | |  1.7
Dodging        | |  0.5

Action                     || total
---------------------------++-------
  Melee: Rapier            ||   110
         Kick              ||    24
    Use: Scroll            ||     4
 Armour: Scale mail        ||    77
  Dodge: Dodged            ||    53
  Block: Buckler           ||    22

Table legend: (Time is in decaauts)
 A = Elapsed time spent in this place.
 B = Non-inter-level travel time spent in this place.
 C = Inter-level travel time spent in this place.
 D = Time resting spent in this place.
 E = Time spent auto-exploring this place.
 F = Levels seen in this place.
 G = Mean time per level.
                   A        B        C        D        E       F      G
               +--------+--------+--------+--------+--------+-----+--------+
         Total |   1244 |   1194 |     50 |     98 |    653 |   3 |  414.7 |
       Dungeon |   1244 |   1194 |     50 |     98 |    653 |   3 |  414.7 |
               +--------+--------+--------+--------+--------+-----+--------+

Top non-repeatable levels by time:
     D:1: 629 daAuts
     D:2: 443 daAuts
     D:3: 171 daAuts
